 Dungeon Crawl Stone Soup version 0.14-a0-2950-gbe29d66 (webtiles) character file.

114 Misa the Skirmisher (level 3, 0/36 HPs)
             Began as a Gargoyle Berserker on Mar 4, 2014.
             Was a Believer of Trog.
             Slain by a gnoll
             ... wielding a +0,+0 flail
              (4 damage)
             ... on Level 2 of the Dungeon.
             The game lasted 00:03:47 (1232 turns).

Misa the Skirmisher (Gargoyle Berserker)            Turns: 1232, Time: 00:03:47

HP   0/36        AC  5     Str 26      XL: 3   Next: 35%
MP   3/3         EV 12     Int  7      God: Trog [**....]
Gold 79          SH  0     Dex  9      Spells:  0 memorised,  2 levels left

rFire  . . .     SeeInvis .     a - +0 hand axe
rCold  . . .     Clarity  .     b - +0 animal skin
rNeg   + . .     Conserve .     (no shield)
rPois  +         rCorr    .     (no helmet)
rElec  +         rRot     +     (no cloak)
SustAb . .       Spirit   .     (no gloves)
rMut   .         Warding  .     (no boots)
Saprov . . .     Stasis   .     (no amulet)
MR     +....                    (no ring)
                                e - ring of poison resistance {unknown}

@: regenerating, berserking, very quick, somewhat resistant to hostile
enchantments, extremely unstealthy
A: life protection 1, electricity resistance, unbreathing, petrification
resistance, AC +3
a: Burn Spellbooks, Berserk, Trog's Hand, Renounce Religion


You were on level 2 of the Dungeon.
You worshipped Trog.
Trog was pleased with you.
You were hungry.

You visited 1 branch of the dungeon, and saw 2 of its levels.

You collected 79 gold pieces.

Inventory:

Hand weapons
 a - a +0,+0 hand axe (weapon)
Missiles
 g - 2 darts (quivered)
Armour
 b - a +0 animal skin (worn)
Comestibles
 c - 2 bread rations
 m - an apricot
 n - a chunk of rat flesh
 v - 2 chunks of hobgoblin flesh
Scrolls
 d - a scroll of recharging {unknown}
 i - 2 scrolls of immolation {unknown}
 j - 2 scrolls of identify {unknown}
 p - a scroll of enchant armour {unknown}
 r - a scroll of fear {unknown}
 s - a scroll of random uselessness {unknown}
 u - a scroll of magic mapping {unknown}
Jewellery
 e - a ring of poison resistance (left hand) {unknown}
Potions
 f - a potion of heal wounds {unknown}
 h - 2 potions of curing {unknown}
 k - 2 potions of restore abilities {unknown}
 l - a potion of paralysis {unknown}
 o - 2 potions of degeneration {unknown}
 q - a potion of poison {unknown}
 t - a potion of lignification {unknown}


   Skills:
 + Level 4.0 Fighting
 + Level 3.3 Axes
 - Level 2.1 Armour
 - Level 1.5 Dodging


You had 2 spell levels left.
You didn't know any spells.

Dungeon Overview and Level Annotations

Branches:
Dungeon (2/16)

Altars:
Fedhas


Innate Abilities, Weirdness & Mutations

You are resistant to torment.
You are immune to poison.
Your stone body is very resilient (AC +3).
You resist negative energy.
You are resistant to electric shocks.
You can survive without breathing.
You are immune to petrification.


Message History

* * * LOW HITPOINT WARNING * * *
The gnoll closely misses you.
Use which ability? (? or * to list)
Okay, then.
Use which ability? (? or * to list)
Your skin crawls.
You feel resistant to hostile enchantments.
You feel slightly more hungry. The gnoll barely misses you.
The gnoll closely misses you.
Use which ability? (? or * to list)
A red film seems to cover your vision as you go berserk!
You feel yourself moving faster!
You feel mighty!
You are feeling hungry.
The gnoll barely misses you. The gnoll closely misses you.
You closely miss the gnoll.
The gnoll is heavily wounded.
The gnoll hits you from afar with a spear!
* * * LOW HITPOINT WARNING * * *
The gnoll hits you with a flail.
You die...

..#.##.# # #.# ......#. .. #.#
.#### ##.. #.# .#####. ##...
#.# ....... #..... #.# .######
#....### #.# .#
#...gg#########.#### .#
#..##g##...........#
.###########..##@##.######.##.#
...........#..##.##.# #.##.#
##########.#..##.##.# #.##.# #
##.#..##.##.######.##.# #
#.....##.........#.##.# #
#.....#####.##.....##.# #
#............#.###.##.#
#########.#...###..#...# #.##.#
......).(.##.## ##...#.###.##.#


You could see 3 gnolls.

Vanquished Creatures
  A giant cockroach (D:2)
  2 goblins
  10 hobgoblins
  6 jackals
  4 kobolds
  A quokka (D:2)
  5 bats
  3 rats (D:2)
32 creatures vanquished.

Notes
Turn   | Place    | Note
--------------------------------------------------------------
     0 | D:1      | Misa, the Gargoyle Berserker, began the quest for the Orb.
     0 | D:1      | Reached XP level 1. HP: 14/14 MP: 1/1
   270 | D:1      | Reached XP level 2. HP: 19/19 MP: 2/2
   616 | D:1      | Acquired Trog's second power
   772 | D:2      | Reached XP level 3. HP: 18/24 MP: 3/3
   874 | D:2      | Reached skill level 4 in Fighting
   914 | D:2      | Found a blossoming altar of Fedhas.
  1232 | D:2      | Slain by a gnoll

Action                   || total
-------------------------++-------
Melee: Hand axe          ||   131
Invok: Berserk           ||     1
       Trog's Hand       ||     1
